 Dungeon Crawl Stone Soup version 0.29.0-4-gdea44cf6ec (webtiles) character file.

Game seed: 12376132907033639713

548 qw the Chopper (level 7, -1/57 HPs)
             Began as a Ghoul Summoner on Sept 9, 2022.
             Was an Initiate of Okawaru.
             Slain by an ogre
             ... wielding a +0 giant club
              (9 damage)
             ... on level 5 of the Dungeon.
             The game lasted 00:01:57 (5667 turns).

qw the Chopper (Ghoul Summoner)                     Turns: 5667, Time: 00:01:58

Health: -1/57      AC: 15    Str: 14    XL:     7   Next: 28%
Magic:  8/8        EV:  4    Int: 10    God:    Okawaru [......]
Gold:   111        SH:  0    Dex:  9    Spells: 8/9 levels left

rFire   . . .      SeeInvis .   Y - +1 hand axe
rCold   + . .      Faith    .   (no shield)
rNeg    + + +      Spirit   .   e - +0 plate armour
rPois   inf        Reflect  .   (no helmet)
rElec   .          Harm     .   k - +0 cloak
rCorr   .          Rampage  .   g - +2 pair of gloves
Will    .....                   (no boots)
Stlth   ..........              (no amulet)
HPRegen 0.00/turn               (no ring)
MPRegen 0.11/turn               (no ring)

@: inhibited regen
A: claws 1, cold resistance 1, negative energy resistance 3, inhibited
regeneration, torment resistance 2, devour on kill
a: Renounce Religion


You were on level 5 of the Dungeon.
You worshipped Okawaru.
Okawaru was noncommittal.
You visited 2 branches of the dungeon, and saw 6 of its levels.

You collected 185 gold pieces.
You spent 74 gold pieces at shops.


Innate Abilities, Weirdness & Mutations

You are immune to poison.
You have sharp fingernails.
Your flesh is cold resistant. (rC+)
You are immune to negative energy. (rN+++)
You do not regenerate when monsters are visible.
You are immune to unholy pain and torment.
You thrive by killing the living.


   Skills:
 + Level 3.2 Fighting
 - Level 5.0 Axes
 - Level 1.6 Throwing
 - Level 2.4 Armour
 - Level 1.7 Dodging
 - Level 2.1 Stealth
 - Level 1.7 Spellcasting
 - Level 3.6 Summonings


You had 8 spell levels left.
You knew the following spells:

 Your Spells              Type           Power      Damage    Failure   Level
a - Summon Small Mammal   Summ           32%        N/A       100%        1

Your spell library contained the following spells:

 Spells                   Type           Power      Damage    Failure   Level
 Call Imp                 Summ           Unusable   N/A       N/A         2
 Call Canine Familiar     Summ           Unusable   N/A       N/A         3
 Summon Guardian Golem    Hex/Summ       Unusable   N/A       N/A         3
 Summon Lightning Spire   Summ/Air       Unusable   N/A       N/A         4

Inventory:

Hand Weapons
 m - a +0 morningstar
 Y - a +1 hand axe (weapon)
Armour
 e - a +0 plate armour (worn)
 g - a +2 pair of gloves (worn)
 k - a +0 cloak (worn)
Jewellery
 h - an amulet of guardian spirit
Scrolls
 b - a scroll of identify
 n - a scroll of amnesia {unknown}
Potions
 c - a potion of haste
 d - a potion of degeneration {unknown}
 f - 2 potions of brilliance {unknown}
 i - a potion of flight {unknown}
 j - a potion of curing {unknown}
 l - a potion of resistance {unknown}
 o - a potion of invisibility {unknown}

Dungeon Overview and Level Annotations

Branches:
Dungeon (5/15)             Temple (1/1) D:4

Altars:
Ashenzari
Cheibriados
Dithmenos
Gozag
Hepliaklqana
Kikubaaqudgha
Makhleb
Nemelex Xobeh
Okawaru
Qazlal
Sif Muna
Uskayaw
Vehumet
Wu Jian
Yredelemnul

Shops:
D:2 ((:*=

Annotations:
D:2 1 runed translucent door, Crazy Yiuf


Message History

As you open the door, it creaks loudly!
There is an open door here.
f - 2 dark potions (gained 1)
You open the door.
An ogre comes into view. It is wielding a +0 giant club.
The ogre shouts!
There is an open door here.
Enter note: Throw: 2 javelins
Press: ? - help, Q - select action Shift-Dir - straight line, f - ogre You throw a javelin.
The javelin closely misses the ogre.
Throw: javelin
Press: ? - help, Q - select action Shift-Dir - straight line, f/p - ogre You throw a javelin.
The javelin barely misses the ogre.
You hit the ogre.
The ogre is moderately wounded.
The ogre hits you but does no damage.
You hit the ogre.
The ogre is moderately wounded.
The ogre hits you with a +0 giant club!!
You hit the ogre.
The ogre is heavily wounded.
The ogre hits you with a +0 giant club!
You hit the ogre.
The ogre is severely wounded.
You hit the ogre but do no damage.
The ogre is severely wounded.
The ogre hits you with a +0 giant club.
You closely miss the ogre.
The ogre is severely wounded.
The ogre hits you with a +0 giant club.
You barely miss the ogre.
The ogre is severely wounded.
You hit the ogre but do no damage.
The ogre is severely wounded.
The ogre hits you with a +0 giant club!
You hit the ogre.
The ogre is severely wounded.
The ogre hits you with a +0 giant club!
You die...

.....#..'........
######....####........
#(...#....# #....PPPP
#....+....# #....PPPP
#(...#....# #........
#....#....####........
#..$.#..............#.
#...O#..............+.
#....@...........<..#.
#+##.#..............##
#.##+######......[. #.
#.......) #. #........
#+ #........ ###+###..
#.. #..


You could see an ogre.

Vanquished Creatures
  A sky beast (D:4)
  An ogre (D:4)
  A necrophage (D:4)
  An orc priest (D:4)
  3 hounds
  An iguana (D:4)
  2 orc wizards (D:5)
  6 adders
  A worm (D:3)
  10 orcs
  5 ball pythons
  6 bats
  6 endoplasms
  A giant cockroach (D:3)
  2 goblins
  7 hobgoblins
  3 kobolds
  2 rats
59 creatures vanquished.

Vanquished Creatures (collateral kills)
  An endoplasm (D:1)
  A quokka (D:1)
  A bat (D:1)
3 creatures vanquished.

Vanquished Creatures (others)
  A plant (D:3)
  2 toadstools (D:3)
3 creatures vanquished.

Grand Total: 65 creatures vanquished

Notes
Turn   | Place    | Note
-------+----------+-------------------------------------------
     0 | D:1      | qw the Ghoul Summoner began the quest for the Orb.
     0 | D:1      | Reached XP level 1. HP: 14/14 MP: 2/2
     0 | D:1      | 0 ||| qw: Version: 0.1-a-113-g051387a
     0 | D:1      | 0 ||| qw: Game counter: 6951
     0 | D:1      | 0 ||| qw: Always use a shield: true
     0 | D:1      | 0 ||| qw: God list: Okawaru
     0 | D:1      | 0 ||| qw: Allow faded altars: false
     0 | D:1      | 0 ||| qw: Do Orc after D:15 true
     0 | D:1      | 0 ||| qw: Do second Lair branch before Depths: true
     0 | D:1      | 0 ||| qw: Lair rune preference: random
     0 | D:1      | 0 ||| qw: Plans: Normal
     0 | D:1      | 0 ||| PLANNING D:1-11
    33 | D:1      | 33 ||| CASTING Summon Small Mammal
    34 | D:1      | 34 ||| CASTING Summon Small Mammal
   250 | D:1      | 250 ||| Wielding weapon +0 dagger.
   255 | D:1      | 255 ||| CASTING Summon Small Mammal
   256 | D:1      | 256 ||| CASTING Summon Small Mammal
   268 | D:1      | 268 ||| CASTING Summon Small Mammal
   280 | D:1      | 280 ||| CASTING Summon Small Mammal
   293 | D:1      | 293 ||| CASTING Summon Small Mammal
   301 | D:1      | Reached skill level 1 in Axes
   327 | D:1      | 327 ||| CASTING Summon Small Mammal
   328 | D:1      | 328 ||| CASTING Summon Small Mammal
   360 | D:1      | 360 ||| CASTING Summon Small Mammal
   361 | D:1      | 361 ||| CASTING Summon Small Mammal
   372 | D:1      | 372 ||| CASTING Summon Small Mammal
   420 | D:1      | 420 ||| CASTING Summon Small Mammal
   421 | D:1      | 421 ||| CASTING Summon Small Mammal
   424 | D:1      | Reached skill level 1 in Fighting
   424 | D:1      | Reached XP level 2. HP: 23/23 MP: 0/3
   470 | D:1      | 470 ||| CASTING Summon Small Mammal
   471 | D:1      | 471 ||| CASTING Summon Small Mammal
   472 | D:1      | 472 ||| CASTING Summon Small Mammal
   519 | D:1      | 519 ||| CASTING Summon Small Mammal
   520 | D:1      | 520 ||| CASTING Summon Small Mammal
   521 | D:1      | 521 ||| CASTING Summon Small Mammal
   629 | D:1      | 629 ||| CASTING Summon Small Mammal
   630 | D:1      | 630 ||| CASTING Summon Small Mammal
   631 | D:1      | 631 ||| CASTING Summon Small Mammal
   641 | D:1      | 641 ||| CASTING Summon Small Mammal
   806 | D:1      | 806 ||| CASTING Summon Small Mammal
   807 | D:1      | 807 ||| CASTING Summon Small Mammal
   808 | D:1      | 808 ||| CASTING Summon Small Mammal
   818 | D:1      | 818 ||| CASTING Summon Small Mammal
   859 | D:1      | 859 ||| CASTING Summon Small Mammal
   860 | D:1      | 860 ||| CASTING Summon Small Mammal
   861 | D:1      | 861 ||| CASTING Summon Small Mammal
  1078 | D:1      | 1078 ||| CASTING Summon Small Mammal
  1079 | D:1      | 1079 ||| CASTING Summon Small Mammal
  1081 | D:1      | 1081 ||| CASTING Summon Small Mammal
  1124 | D:1      | 1124 ||| SWAPPING to +0 whip.
  1125 | D:1      | 1125 ||| DROPPING +0 dagger.
  1127 | D:1      | 1127 ||| UPGRADING to +0 plate armour.
  1137 | D:1      | 1137 ||| DROPPING +0 robe.
  1138 | D:1      | 1138 ||| UPGRADING to amulet of guardian spirit.
  1143 | D:1      | 1143 ||| READING scroll labelled YNUZXONKOST.
  1144 | D:1      | 1144 ||| READING scroll labelled OTUICOPLAL.
  1145 | D:1      | 1145 ||| READING scroll labelled JEREMU IMEKUCUNEF.
  1148 | D:1      | 1148 ||| DROPPING potion of magic.
  1169 | D:2      | Found Wegotent's Weapon Shoppe.
  1175 | D:2      | 1175 ||| BUYING +0 falchion (39 gold).
  1175 | D:2      | Bought a +0 falchion for 39 gold pieces
  1175 | D:2      | 1175 ||| SHOPLISTING +0 falchion of protection (72 gold,
                  | have 29).
  1175 | D:2      | 1175 ||| SHOPLISTING +0 war axe (45 gold, have 29).
  1175 | D:2      | 1175 ||| SWAPPING to +0 falchion.
  1250 | D:2      | HP: 4/23 [adder (2)]
  1251 | D:2      | 1251 ||| READING scroll of teleportation.
  1381 | D:2      | 1381 ||| Stepping ~*~*~tactically~*~*~ (stealth).
  1382 | D:2      | 1382 ||| Stepping ~*~*~tactically~*~*~ (stealth).
  1607 | D:2      | Found Fiyhatab's Weapon Boutique.
  1615 | D:2      | 1615 ||| BUYING +0 long sword (35 gold).
  1615 | D:2      | Bought a +0 long sword for 35 gold pieces
  1615 | D:2      | 1615 ||| SWAPPING to +0 long sword.
  1616 | D:2      | 1616 ||| DROPPING +0 falchion.
  1626 | D:2      | Identified the +1 robe "Wilu" {rN+++ Will+ Str-3 Archmagi}
  1659 | D:2      | Found Zecveir's General Store.
  1665 | D:2      | 1665 ||| SHOPLISTING potion of curing (33 gold, have 8).
  1665 | D:2      | 1665 ||| SHOPLISTING potion of haste (110 gold, have 8).
  1706 | D:2      | Found Behatoj's Jewellery Emporium.
  1713 | D:2      | 1713 ||| SHOPLISTING +4 ring of protection (396 gold, have
                  | 12).
  1713 | D:2      | 1713 ||| SHOPLISTING +4 ring of slaying (858 gold, have
                  | 12).
  1713 | D:2      | 1713 ||| SHOPLISTING ring "Guhadd" {rElec Will+} (429 gold,
                  | have 12).
  1713 | D:2      | 1713 ||| SHOPLISTING ring of ice (275 gold, have 12).
  1738 | D:2      | Found Uzxe's Book Shoppe.
  1763 | D:2      | Reached skill level 2 in Axes
  1763 | D:2      | Reached XP level 3. HP: 28/28 MP: 4/4
  2026 | D:2      | Reached skill level 1 in Armour
  2079 | D:2      | 2079 ||| DROPPING +0 whip.
  2207 | D:2      | Found a runed translucent door.
  2208 | D:2      | Noticed Crazy Yiuf
  2345 | D:2      | 2345 ||| READING scroll labelled JIABOA SIOHUGU.
  2568 | D:3      | HP: 6/29 [endoplasm (2)]
  2987 | D:3      | 2987 ||| SWAPPING to +0 hand axe.
  2988 | D:3      | 2988 ||| DROPPING +0 rapier.
  2989 | D:3      | 2989 ||| DROPPING +0 long sword.
  3002 | D:3      | Reached XP level 4. HP: 28/36 MP: 3/5
  3417 | D:3      | 3417 ||| UPGRADING to +2 pair of gloves.
  3422 | D:3      | 3422 ||| UPGRADING to +0 cloak.
  3427 | D:3      | 3427 ||| READING scroll labelled VYOWNA AQYE.
  3695 | D:4      | Reached skill level 3 in Axes
  3739 | D:4      | Reached XP level 5. HP: 41/41 MP: 6/6
  4119 | D:4      | 4119 ||| Stepping ~*~*~tactically~*~*~ (hiding).
  4136 | D:4      | Reached skill level 1 in Throwing
  4146 | D:4      | 4146 ||| DROPPING +0 whip.
  4147 | D:4      | 4147 ||| DROPPING +0 flail.
  4181 | D:4      | Noticed an ogre
  4189 | D:4      | HP: 5/41 [ogre/+0 giant spiked club (6)]
  4190 | D:4      | Killed an ogre
  4191 | D:4      | Reached skill level 4 in Axes
  4191 | D:4      | Reached XP level 6. HP: 6/48 MP: 0/7
  4205 | D:4      | HP: 11/48 [orc/+0 hand axe (4)]
  4636 | D:4      | Reached skill level 3 in Fighting
  4792 | D:4      | Noticed a sky beast
  4813 | D:4      | Killed a sky beast
  4814 | D:4      | Reached XP level 7. HP: 41/57 MP: 5/8
  4916 | D:4      | 4916 ||| Stepping ~*~*~tactically~*~*~ (stealth).
  4923 | D:4      | Found a staircase to the Ecumenical Temple.
  4924 | D:4      | 4924 ||| PLANNING TEMPLE
  4924 | D:4      | 4924 ||| READING scroll labelled PYLATO FEIMP.
  4925 | D:4      | 4925 ||| READING 2 scrolls of identify.
  4925 | D:4      | 4925 ||| IDENTIFYING viscous white potion
  4932 | Temple   | Entered the Ecumenical Temple
  4932 | Temple   | Found a transporter.
  4932 | Temple   | Found a transporter.
  4934 | Temple   | Found a transporter.
  4934 | Temple   | Found a transporter.
  4944 | Temple   | 4944 ||| PLANNING D:1-11
  5240 | D:5      | Entered Level 5 of the Dungeon
  5514 | D:5      | 5514 ||| Stepping ~*~*~tactically~*~*~ (hiding).
  5515 | D:5      | 5515 ||| Stepping ~*~*~tactically~*~*~ (hiding).
  5548 | D:5      | Reached skill level 5 in Axes
  5620 | D:5      | Found an iron altar of Okawaru.
  5626 | D:5      | Became a worshipper of Warmaster Okawaru
  5627 | D:5      | 5627 ||| REMOVING amulet of guardian spirit.
  5666 | D:5      | HP: 8/57 [ogre/+0 giant club (12)]
  5667 | D:5      | Slain by an ogre

Levels and vault maps discovered:
D:1:      minmay_arrival_doors, layout_basic
D:2:      layout_loops_ring, serial_shops, nicolae_shop_stone,
          nicolae_diamond_shop, nicolae_diamond_shop,
          nicolae_shop_bloodbath_and_beyond, shop, uniq_crazy_yiuf_cottage
D:3:      layout_loops_ring, serial_bayou, serial_bayou_lagoon_a,
          serial_bayou_ford_a, serial_bayou_pond_a, serial_bayou_pond_a,
          serial_bayou_pond_a, serial_bayou_lake_a, hex_tiny,
          minmay_gold_behind_fungi
D:4:      layout_loops_corners, minmay_temple_entry_nine_rooms,
          lightli_corner_chamber
D:5:      layout_gridville, mainiacjoe_overflow_chevrons, serial_shops,
          shop_statue
Temple:   hellmonk_temple_divided_pantheon

Skill      XL: |  1  2  3  4  5  6  7 |
---------------+----------------------+-----
Axes           | 1 2 3 4 5 |  5.0
Fighting       | 1 2 3 |  3.2
Armour         | 1 2 |  2.4
Throwing       | 1 |  1.6
Dodging        | |  1.7
Stealth        | |  2.1
Spellcasting   | |  1.7
Summonings     | |  3.6

Action                   |  1- 3 |  4- 6 |  7- 9 || total
-------------------------+-------+-------+-------++-------
Melee: Dagger            |    31 |       |       ||    31
       Unarmed           |     4 |       |       ||     4
       Falchion          |    40 |       |       ||    40
       Long sword        |    51 |       |       ||    51
       Hand axe          |     7 |   143 |    41 ||   191
       Punch             |       |     1 |     1 ||     2
Throw: Boomerang         |       |     5 |       ||     5
       Javelin           |       |    12 |     5 ||    17
 Cast: Summon Small Mamm |    29 |       |       ||    29
  Use: Scroll            |     5 |     1 |     2 ||     8
Armor: Robe              |     8 |       |       ||     8
       Plate armour      |    95 |   101 |    52 ||   248
Dodge: Dodged            |    53 |    20 |     8 ||    81

Table legend:
 A = Non-vault XP
 B = Vault XP
 C = Vault XP percentage of total XP
 D = Non-vault monster count
 E = Vault monster count
 F = Vault count percentage of total count
                 A         B        C        D         E       F
            +---------+---------+-------+---------+---------+-------
      Total |     783 |       0 |   0.0 |      62 |       0 |   0.0
            +---------+---------+-------+---------+---------+-------
        D:1 |      23 |       0 |   0.0 |      13 |       0 |   0.0
        D:2 |      46 |       0 |   0.0 |      13 |       0 |   0.0
        D:3 |      26 |       0 |   0.0 |       6 |       0 |   0.0
        D:4 |     568 |       0 |   0.0 |      24 |       0 |   0.0
        D:5 |     120 |       0 |   0.0 |       6 |       0 |   0.0
            +---------+---------+-------+---------+---------+-------
